[Event "Titled Tuesday Blitz June 6 Early 2023"]
[White "Nikologorsky, Matfei"]
[Black "Kushko, Dmitriy"]
[WhiteFideId "24102474"]
[BlackFideId "14162261"]
[WhiteElo "2153"]
[BlackElo "2230"]
[Result "0-1"]
[Round "5"]
[TimeControl "180+2"]
[Date "2023.06.06"]
[WhiteClock "0:00:04"]
[BlackClock "0:00:08"]
[Board "51"]

1. e4 g6 2. d4 Bg7 3. h4 d5 4. e5 c5 5. c3 h5 6. Nf3 Nc6 7. Be3 Nh6 8. Bb5 cxd4 9. cxd4 Bd7 10. Nc3 Nf5 11. O-O e6 12. Bg5 Qb6 13. Bxc6 Bxc6 14. Qd2 O-O 15. Bf6 Rfc8 16. Kh2 Bb5 17. Rg1 Nh6 18. Bxg7 Kxg7 19. Qf4 Ng4+ 20. Kg3 Be8 21. Rab1 Rc4 22. Rgd1 Rac8 23. Ng5 Nh6 24. Kh2 Nf5 25. Nf3 Rb4 26. Qd2 Rcc4 27. Ne2 a5 28. b3 Rc8 29. Rbc1 Rc6 30. Ng3 Nxg3 31. Kxg3 a4 32. bxa4 Rxa4 33. Rb1 Qa6 34. Rb2 Rb6 35. Rdb1 Rxb2 36. Rxb2 b5 37. Ng5 Qb6 38. Rb4 Qa5 39. a3 Rxa3+ 40. Nf3 Ra4 41. Rb2 Qxd2 42. Rxd2 b4 43. Rb2 Bb5 44. Nd2 Bc4 45. Kf4 b3 46. Ke3 Ra2 47. Rb1 Rc2 48. g3 Rc3+ 49. Kf4 Rd3 50. Nf3 Kf8 51. Rb2 Ke7 52. Rb1 Kd7 53. g4 hxg4 54. Kxg4 Kc6 55. Rb2 Kb5 56. Ng5 Kb4 57. Nxf7 Kc3 58. Rb1 Kc2 59. Rg1 Rd1 60. Rxd1 Kxd1 61. Ng5 b2 62. Nxe6 b1=Q 63. Ng7 Qe4+ 64. Kg5 Bd3 65. f4 Qxd4 66. h5 gxh5 67. Nxh5 Qe3 68. Ng7 Ke2 69. e6 Kf3 70. Kf6 Qxf4+ 71. Ke7 Qc7+ 72. Kf6 Kg4 73. e7 Bb5 74. Ne6 Qc3+ 75. Kf7 Qe3 76. Ng7 d4 77. Ne6 Bc4 78. Kf8 Qxe6 79. e8=Q Qxe8+ 80. Kxe8 d3 0-1


[Site "https://www.chess.com"]

[Event "Titled Tuesday Blitz June 6 Early 2023"]
[White "Papasimakopoulos, Alexandros"]
[Black "Yonal, Timur"]
[WhiteFideId "4244125"]
[BlackFideId "44115725"]
[WhiteElo "2359"]
[BlackElo "1966"]
[Result "0-1"]
[Round "5"]
[TimeControl "180+2"]
[Date "2023.06.06"]
[WhiteClock "0:00:05"]
[BlackClock "0:00:21"]
[Board "52"]

1. d4 d5 2. c4 e6 3. Nc3 a6 4. cxd5 exd5 5. Qb3 c6 6. Nf3 Bd6 7. e4 dxe4 8. Ng5 Nh6 9. Ngxe4 Nf5 10. d5 O-O 11. Bg5 Qc7 12. Nxd6 Nxd6 13. Be2 h6 14. Bf4 c5 15. O-O Re8 16. Bf3 g5 17. Bg3 f5 18. Bh5 f4 19. Bxe8 Nxe8 20. d6+ Qf7 21. Nd5 Be6 22. Ne7+ Kf8 23. Qd3 Bc4 24. Qc3 Nxd6 25. Rfe1 Qg7 26. Qd2 Nf7 27. b3 Bb5 28. Bxf4 gxf4 29. Qxf4 Nc6 30. Nf5 Qf6 31. Qg4 Nce5 32. Qh3 Bd7 33. g4 Bxf5 34. gxf5 Kg7 35. Re3 Kh7 36. Rg3 Ng5 37. Qg2 Nef3+ 38. Rxf3 Nxf3+ 39. Qxf3 Qxa1+ 0-1


[Site "https://www.chess.com"]

[Event "Titled Tuesday Blitz June 6 Early 2023"]
[White "Mihailidis, Anastasios"]
[Black "Atakhan, Abtin"]
[WhiteFideId "4205588"]
[BlackFideId "22502203"]
[WhiteElo "2312"]
[BlackElo "2008"]
[Result "1-0"]
[Round "5"]
[TimeControl "180+2"]
[Date "2023.06.06"]
[WhiteClock "0:00:35"]
[BlackClock "0:00:06"]
[Board "53"]

1. e4 c5 2. Nf3 d6 3. d4 cxd4 4. Nxd4 Nf6 5. f3 e5 6. Nb3 d5 7. Bg5 Be6 8. Bxf6 gxf6 9. exd5 Qxd5 10. Qxd5 Bxd5 11. Nc3 Be6 12. O-O-O Nc6 13. Bb5 Rc8 14. Na5 Bh6+ 15. Kb1 Kf8 16. Bxc6 bxc6 17. Rd6 Rg8 18. g3 Ke7 19. Rhd1 c5 20. Ne4 f5 21. Nc6+ Rxc6 22. Rxc6 fxe4 23. fxe4 Be3 24. Rc7+ Kf6 25. Rxa7 c4 26. Ra3 Bd4 27. Rf3+ Kg6 28. Rdf1 Rb8 29. c3 Bc5 30. Kc2 Rb6 31. Rb1 Bg4 32. Rff1 Be2 33. Rfd1 Bxd1+ 34. Rxd1 f5 35. Rd5 Bd6 36. exf5+ Kxf5 37. b4 Ke4 38. Rd1 Ra6 39. a4 Rxa4 40. Rxd6 Ra2+ 41. Kb1 Rxh2 42. b5 Rf2 43. b6 Rf7 44. Kb2 Kf3 45. Ka3 e4 46. Re6 e3 47. Kb4 e2 48. Kxc4 Kf2 49. Kb4 Rb7 50. Kb5 e1=Q 51. Rxe1 Kxe1 52. c4 Kf2 53. c5 Rf7 54. c6 Kxg3 55. b7 Rf8 56. c7 h5 57. b8=Q 1-0


[Site "https://www.chess.com"]

[Event "Titled Tuesday Blitz June 6 Early 2023"]
[White "Moral Garcia, Serafin"]
[Black "Kukhmazov, Arsen"]
[WhiteFideId "2201925"]
[BlackFideId "24108260"]
[WhiteElo "2274"]
[BlackElo "2396"]
[Result "1-0"]
[Round "5"]
[TimeControl "180+2"]
[Date "2023.06.06"]
[WhiteClock "0:01:20"]
[BlackClock "0:01:22"]
[Board "54"]

1. e4 e5 2. Nf3 Nc6 3. Bb5 a6 4. Bxc6 dxc6 5. O-O Qf6 6. d4 exd4 7. Bg5 Qg6 8. Qxd4 Be6 9. Nc3 h6 10. Bh4 Bh3 11. Bg3 Be6 12. Bxc7 Nf6 13. Qb6 Be7 14. Qxb7 O-O 15. Bg3 Nd7 16. Rfd1 Rfd8 17. Nd4 Bc5 18. Nxc6 Rdc8 19. Nd5 Bxd5 20. exd5 Qf5 21. d6 1-0


[Site "https://www.chess.com"]

[Event "Titled Tuesday Blitz June 6 Early 2023"]
[White "Sharan, Rao"]
[Black "splendidkid"]
[WhiteFideId "5073464"]
[WhiteElo "2149"]
[BlackElo "2759"]
[Result "1-0"]
[Round "5"]
[TimeControl "180+2"]
[Date "2023.06.06"]
[WhiteClock "0:00:23"]
[BlackClock "0:01:26"]
[Board "55"]

1. d4 Nf6 2. Nf3 g6 3. Bf4 Bg7 4. e3 O-O 5. Bd3 d6 6. O-O Nbd7 7. h3 Re8 8. Bh2 b6 9. c3 Bb7 10. a4 e5 11. Be2 a5 12. Na3 Qe7 13. Nb5 Rac8 14. Na7 Ra8 15. Nb5 Rec8 16. Qb3 Ne4 17. Rfd1 h6 18. Bf1 Kh7 19. Nd2 Nxd2 20. Rxd2 f5 21. Rad1 Kh8 22. Bc4 Nf8 23. dxe5 Bxe5 24. Bxe5+ Qxe5 25. Na3 Nd7 26. Bd5 Nc5 27. Qc2 c6 28. Nc4 Qe7 29. Bf3 Rd8 30. Nxd6 Qc7 31. Nf7+ Qxf7 32. Rxd8+ Rxd8 33. Rxd8+ Kg7 34. Qd2 h5 35. Qd4+ Kh6 36. Rh8+ Kg5 37. h4# 1-0


[Site "https://www.chess.com"]

[Event "Titled Tuesday Blitz June 6 Early 2023"]
[White "Pakleza, Zbigniew"]
[Black "Sharapov, Evgeny"]
[WhiteFideId "1119290"]
[BlackFideId "14103133"]
[WhiteElo "2410"]
[BlackElo "2367"]
[Result "1-0"]
[Round "5"]
[TimeControl "180+2"]
[Date "2023.06.06"]
[WhiteClock "0:00:21"]
[BlackClock "0:01:10"]
[Board "56"]

1. d4 Nf6 2. Nf3 e6 3. Bf4 d5 4. e3 c5 5. c3 Bd6 6. Bg3 O-O 7. Nbd2 Nc6 8. Bd3 b6 9. Ne5 Bb7 10. f4 Nd7 11. O-O f5 12. Ndf3 Ndxe5 13. fxe5 Be7 14. Rc1 a5 15. Qe2 c4 16. Bc2 b5 17. h3 b4 18. Ba4 Rb8 19. b3 cxb3 20. axb3 bxc3 21. Rxc3 Nb4 22. Rfc1 Ba6 23. Qd2 Rc8 24. Rxc8 Bxc8 25. Kh2 Bd7 26. Bxd7 Qxd7 27. Bh4 Bxh4 28. Nxh4 Rc8 29. Nf3 Rxc1 30. Qxc1 Qc6 31. Qc5 Qxc5 32. dxc5 Kf7 33. Nd4 Ke7 34. c6 Nd3 35. c7 Kd7 36. Nxe6 Nxe5 37. Nxg7 Kxc7 38. Nxf5 Kb6 39. g4 Kc5 40. Kg3 Kb4 41. Nd4 Nd3 42. h4 Nc5 43. g5 Nxb3 44. Nxb3 Kxb3 45. h5 a4 46. g6 hxg6 47. h6 a3 48. h7 a2 49. h8=Q 1-0


[Site "https://www.chess.com"]

[Event "Titled Tuesday Blitz June 6 Early 2023"]
[White "caropawn10"]
[Black "Chylewski, Patryk"]
[BlackFideId "1186191"]
[WhiteElo "2720"]
[BlackElo "2163"]
[Result "1-0"]
[Round "5"]
[TimeControl "180+2"]
[Date "2023.06.06"]
[WhiteClock "0:00:53"]
[BlackClock "0:00:01"]
[Board "57"]

1. c4 e5 2. Nc3 Nc6 3. Nf3 g6 4. d4 exd4 5. Nxd4 Bg7 6. Nxc6 bxc6 7. g3 Ne7 8. Bg2 O-O 9. O-O Rb8 10. Qc2 d6 11. b3 Bf5 12. e4 Bg4 13. Bb2 Re8 14. h3 Be6 15. Rad1 c5 16. Kh2 Nc6 17. f4 Nd4 18. Qd2 Qc8 19. Rc1 Qa6 20. Ra1 Qb6 21. Rfc1 Qb4 22. Rab1 a5 23. Qd3 Qb6 24. Ne2 Nxe2 25. Qxe2 Bxb2 26. Qxb2 a4 27. Qf6 axb3 28. axb3 Bd7 29. Rf1 Re6 30. Qh4 Ree8 31. f5 d5 32. f6 Kh8 33. Qh6 Rg8 34. exd5 Qd6 35. Rf4 g5 36. Be4 Rg6 37. Bxg6 1-0


[Site "https://www.chess.com"]

[Event "Titled Tuesday Blitz June 6 Early 2023"]
[White "Baches Garcia, Guillermo"]
[Black "Yuan, Qingyu"]
[WhiteFideId "2209764"]
[BlackFideId "8609772"]
[WhiteElo "2515"]
[BlackElo "2359"]
[Result "0-1"]
[Round "5"]
[TimeControl "180+2"]
[Date "2023.06.06"]
[WhiteClock "0:00:05"]
[BlackClock "0:00:18"]
[Board "58"]

1. e4 e5 2. Nf3 Nc6 3. Nc3 Nf6 4. d4 exd4 5. Nxd4 Bb4 6. Nxc6 bxc6 7. Bd3 O-O 8. O-O d5 9. Bd2 Bxc3 10. Bxc3 dxe4 11. Bxf6 Qxf6 12. Bxe4 Qxb2 13. Bxc6 Rb8 14. Rb1 Qxb1 15. Qxb1 Rxb1 16. Rxb1 Rd8 17. Bf3 Kf8 18. Rb8 Ke7 19. h4 Ba6 20. Rb3 Rd6 21. Rc3 Kd7 22. Be4 h6 23. f3 Rd4 24. Ra3 Rd6 25. Rc3 Bb5 26. Kf2 Rd2+ 27. Kg3 Bf1 28. f4 Bb5 29. Bd3 Bxd3 30. Rxd3+ Rxd3+ 31. cxd3 Kd6 32. Kf3 Kd5 33. Ke3 f5 34. h5 Kc5 35. g3 Kd5 36. Ke2 Kd4 37. Kd2 c6 38. a3 a6 39. Ke2 Kc3 40. Ke3 c5 41. Ke2 a5 0-1


[Site "https://www.chess.com"]

[Event "Titled Tuesday Blitz June 6 Early 2023"]
[White "Jaracz, Pawel"]
[Black "Arencibia Monduy, Antonio"]
[WhiteFideId "1102222"]
[BlackFideId "3507939"]
[WhiteElo "2454"]
[BlackElo "2491"]
[Result "1/2-1/2"]
[Round "5"]
[TimeControl "180+2"]
[Date "2023.06.06"]
[WhiteClock "0:00:11"]
[BlackClock "0:00:07"]
[Board "59"]

1. Nf3 e6 2. c4 d5 3. g3 c6 4. Bg2 f5 5. O-O Nf6 6. d3 Bd6 7. Nc3 O-O 8. b3 Bd7 9. e4 fxe4 10. dxe4 Bb4 11. Qc2 Bxc3 12. Qxc3 Nxe4 13. Qe3 Be8 14. Bb2 Nd7 15. Nd4 Qg5 16. Qxg5 Nxg5 17. h4 e5 18. cxd5 exd4 19. dxc6 Nf3+ 20. Bxf3 Rxf3 21. cxd7 Bxd7 22. Bxd4 Bc6 23. Be3 Rf5 24. Rfd1 a5 25. Rd4 a4 26. b4 Re8 27. Rad1 h6 28. Rd8 Re5 29. a3 Rxd8 30. Rxd8+ Kf7 31. Kf1 Rd5 32. Rb8 Rd3 33. Ke2 Rxa3 34. Bd4 Rb3 35. Rc8 Rxb4 36. Rc7+ Ke6 37. Kd3 Rb3+ 38. Kc2 g5 39. h5 Be4+ 40. Kc1 a3 41. Rc3 Rb4 42. Bg7 a2 43. Ra3 Rb1+ 44. Kd2 Bd5 45. Ke3 Rb5 46. Bxh6 Rb1 47. Bg7 Kf5 48. Bd4 Rb3+ 49. Rxb3 Bxb3 50. g4+ Kxg4 51. h6 Bg8 52. Kd3 Kh5 53. Kc2 Kxh6 54. Kb2 Kg6 55. Be3 Kf5 56. Bb6 g4 57. Bc7 Ke4 58. Bg3 Kf3 59. Ka1 Ke2 60. Kb2 Kd3 61. Be5 b5 62. Bg3 Bf7 63. Bf4 Be6 64. Bg3 Ke2 65. Bh4 Bd5 66. Bg3 Kf3 67. Bh4 Kg2 68. Bg3 Kh3 69. Bf4 Bf7 70. Bg3 Kg2 71. Bh4 Kf3 72. Bg3 Ke4 73. Bh4 Kd3 74. Bg3 Bd5 75. Be5 Bc4 76. Bg3 b4 77. Be5 b3 78. Bd6 Be6 79. Be5 Kd2 80. Bf4+ Ke2 81. Bg3 Bd5 82. Bh4 Kd1 83. Bg3 Bf7 84. Bh4 Kd2 85. Bg3 a1=Q+ 86. Kxa1 Kc2 87. Be5 Be6 88. Bf6 Bd5 89. Be5 Be4 90. Bf6 Bf5 91. Be5 Be6 92. Bf6 Bd5 93. Be5 Bf3 94. Bf6 Kd3 95. Be5 Ke2 96. Bg3 Bd5 97. Kb2 Kd3 98. Bh4 Ke2 99. Bg3 Kf3 100. Bh4 g3 101. Bxg3 Kg4 102. Kc3 Kf3 103. Kb2 Kg4 104. Be5 Kf3 105. Bd4 Kg4 106. Kc3 Kf3 107. Kd2 Bg8 108. Kc3 Bf7 109. Kb2 Bg8 110. Kc3 Bf7 111. Kb2 Bg8 112. Kc3 1/2-1/2


[Site "https://www.chess.com"]

[Event "Titled Tuesday Blitz June 6 Early 2023"]
[White "Zheenbekov, Nurgazy"]
[Black "gau_npukyputb"]
[WhiteFideId "13800485"]
[WhiteElo "1975"]
[BlackElo "2708"]
[Result "1-0"]
[Round "5"]
[TimeControl "180+2"]
[Date "2023.06.06"]
[WhiteClock "0:02:16"]
[BlackClock "0:02:00"]
[Board "60"]

1. e4 b6 2. d4 Ba6 3. Bxa6 Nxa6 4. Nf3 c6 5. O-O Nc7 6. c4 d5 7. cxd5 cxd5 8. Qa4+ Qd7 9. Qc2 dxe4 10. Ne5 Qd6 11. Nc3 Nf6 12. Bg5 Nfd5 13. Qa4+ b5 14. Nxb5 1-0


[Site "https://www.chess.com"]

[Event "Titled Tuesday Blitz June 6 Early 2023"]
[White "Aradhya, Garg"]
[Black "Zaitsev, Alexander"]
[WhiteFideId "25006746"]
[BlackFideId "4164490"]
[WhiteElo "2263"]
[BlackElo "2373"]
[Result "1-0"]
[Round "5"]
[TimeControl "180+2"]
[Date "2023.06.06"]
[WhiteClock "0:00:44"]
[BlackClock "0:00:14"]
[Board "61"]

1. d4 Nf6 2. c4 e6 3. Nf3 Bb4+ 4. Nbd2 O-O 5. a3 Be7 6. e4 d6 7. Be2 Nbd7 8. O-O e5 9. b4 exd4 10. Nxd4 Re8 11. Bb2 Bf8 12. Qc2 c6 13. Rad1 a5 14. b5 Qb6 15. Rfe1 Nc5 16. Bf3 Bg4 17. a4 Rad8 18. h3 Bxf3 19. N4xf3 Nfd7 20. Re2 Ne5 21. Bd4 Qc7 22. Bc3 g6 23. Nd4 Bg7 24. f4 Ned3 25. Rf1 Nb4 26. Qb1 Nxa4 27. Ba1 Qb6 28. Nf3 Nc5 29. Kh2 Nxe4 30. Rxe4 Rxe4 31. Qxe4 Qc5 32. bxc6 bxc6 33. Nb3 Qb6 34. Bxg7 Kxg7 35. Ng5 h6 36. Nf3 a4 37. Na1 Qc5 38. Qe7 Rb8 39. Rd1 d5 40. Qxc5 1-0


[Site "https://www.chess.com"]

[Event "Titled Tuesday Blitz June 6 Early 2023"]
[White "Aarav Dengla"]
[Black "Itgelt, Khuyagtsogt"]
[WhiteFideId "45059756"]
[BlackFideId "4902912"]
[WhiteElo "2288"]
[BlackElo "2227"]
[Result "0-1"]
[Round "5"]
[TimeControl "180+2"]
[Date "2023.06.06"]
[WhiteClock "0:01:06"]
[BlackClock "0:01:31"]
[Board "62"]

1. e4 e6 2. d4 d5 3. Nd2 c5 4. Ngf3 Nc6 5. dxc5 Bxc5 6. Nb3 Bb6 7. exd5 exd5 8. c4 Qe7+ 9. Qe2 dxc4 10. Qxe7+ Ngxe7 11. Bxc4 O-O 12. O-O Bg4 13. Be2 Rfe8 14. h3 Ng6 15. Bd1 Bf5 16. Bd2 Rad8 17. Rc1 h6 18. Re1 Rxe1+ 19. Bxe1 Nf4 20. Bc2 Ne2+ 21. Kf1 Nxc1 22. Bxf5 Nxb3 23. axb3 Nd4 24. Be4 Nxf3 25. Bxf3 Rd7 26. Bc3 Bd4 27. Ke2 Bxc3 28. bxc3 Kf8 29. b4 b6 30. Bc6 Rc7 31. b5 Ke7 32. Kd3 Kd6 33. Be8 Kc5 34. g4 g5 35. f3 Re7 36. Bc6 a5 0-1


[Site "https://www.chess.com"]

[Event "Titled Tuesday Blitz June 6 Early 2023"]
[White "Estrada Nieto, Julian"]
[Black "Amilal Munkhdalai"]
[WhiteFideId "5101018"]
[BlackFideId "4903250"]
[WhiteElo "2161"]
[BlackElo "2293"]
[Result "0-1"]
[Round "5"]
[TimeControl "180+2"]
[Date "2023.06.06"]
[WhiteClock "0:00:01"]
[BlackClock "0:00:36"]
[Board "63"]

1. e4 c5 2. Nf3 Nc6 3. Bb5 e6 4. O-O Nge7 5. Re1 a6 6. Bxc6 Nxc6 7. d4 cxd4 8. Nxd4 Qc7 9. Nc3 b5 10. Bg5 f6 11. Bh4 Be7 12. Bg3 Qb6 13. Nxc6 dxc6 14. Qh5+ g6 15. Qh6 Kf7 16. e5 f5 17. Bh4 Bf8 18. Qg5 Ra7 19. Rad1 Bg7 20. Rd6 h6 21. Qd2 g5 22. Bg3 Rf8 23. h4 f4 24. Bh2 Kg8 25. hxg5 hxg5 26. Ne4 Bxe5 27. Nxg5 Bxd6 28. Qxd6 Rg7 29. Nf3 Qc7 30. Qxc7 Rxc7 31. Re4 Rcf7 32. Ne5 Rf6 33. Nd3 e5 34. Nxe5 c5 35. f3 Bb7 36. Re2 Re6 37. Kf1 c4 38. b3 Rf5 39. Ng4 Rxe2 40. Kxe2 Kg7 41. Kd2 Bc8 42. Nf2 Rg5 43. Bxf4 Rxg2 44. Ke3 Bf5 45. c3 cxb3 46. axb3 a5 47. Nd3 Bxd3 48. Be5+ Kg6 49. Kxd3 Kf5 50. f4 Ke6 51. Kd4 a4 52. bxa4 bxa4 53. Kc4 Rb2 54. Bg7 a3 0-1


[Site "https://www.chess.com"]

[Event "Titled Tuesday Blitz June 6 Early 2023"]
[White "Fus, Jakub"]
[Black "Pham, Le Thao Nguyen"]
[WhiteFideId "1193023"]
[BlackFideId "12401226"]
[WhiteElo "2335"]
[BlackElo "2286"]
[Result "1/2-1/2"]
[Round "5"]
[TimeControl "180+2"]
[Date "2023.06.06"]
[WhiteClock "0:00:04"]
[BlackClock "0:00:06"]
[Board "64"]

1. e4 c6 2. d4 d5 3. exd5 cxd5 4. Bd3 Nc6 5. c3 Qc7 6. h3 g6 7. Nf3 Bf5 8. Bxf5 gxf5 9. O-O Nf6 10. Na3 a6 11. Nc2 e6 12. Nce1 Bd6 13. Nd3 Ne4 14. Be3 O-O 15. Qc1 Kh8 16. Bf4 Bxf4 17. Qxf4 Qxf4 18. Nxf4 b5 19. a3 Rac8 20. Nd3 Kg7 21. a4 bxa4 22. Rxa4 a5 23. Nfe5 Nxe5 24. Nxe5 Rb8 25. Nd3 Nd2 26. Re1 Nc4 27. Re2 Rb6 28. g3 Rfb8 29. b4 axb4 30. Nxb4 Nd6 31. Nd3 Ne4 32. Rc2 Rc6 33. c4 dxc4 34. Raxc4 Rxc4 35. Rxc4 Rb1+ 36. Kg2 Rd1 37. Nc5 Rd2 38. Nxe4 fxe4 39. Kf1 f5 40. Ke1 Rd3 41. Rc7+ Kg6 42. Rd7 h5 43. h4 Kf6 44. Ke2 Ra3 45. d5 exd5 46. Rxd5 Ra2+ 47. Kf1 Ra1+ 48. Kg2 Ra2 49. Kf1 Ra1+ 50. Ke2 Ra2+ 51. Rd2 Ra3 52. Rd6+ Kg7 53. Rd2 Rb3 54. Ra2 Kf6 55. Ra6+ Kg7 56. Ra5 Kg6 57. Ra6+ Kg7 58. Kf1 Rb2 59. Re6 Rb3 60. Kg2 Rb2 61. Kg1 Rb3 62. Kf1 Rb2 63. Ke1 Rb3 64. Ke2 Kf7 65. Rh6 Rb2+ 66. Ke3 Rb3+ 67. Ke2 Rb2+ 68. Kf1 Rb1+ 69. Kg2 Rb2 70. Rxh5 Kf6 71. Rh6+ Kf7 72. Kf1 Rb1+ 73. Ke2 Rb2+ 74. Ke3 Rb3+ 75. Ke2 Rb2+ 76. Ke3 Rb3+ 77. Kd2 Rb2+ 78. Ke1 Rb1+ 79. Ke2 Rb2+ 1/2-1/2


[Site "https://www.chess.com"]

[Event "Titled Tuesday Blitz June 6 Early 2023"]
[White "Shapiro, Viktor"]
[Black "Prestia, Paris"]
[WhiteFideId "4175700"]
[BlackFideId "30925959"]
[WhiteElo "2212"]
[BlackElo "2680"]
[Result "1-0"]
[Round "5"]
[TimeControl "180+2"]
[Date "2023.06.06"]
[WhiteClock "0:00:32"]
[BlackClock "0:00:19"]
[Board "65"]

1. c4 e5 2. Nc3 Nc6 3. g3 Nf6 4. a3 Bc5 5. Bg2 a6 6. e3 O-O 7. Nge2 Re8 8. O-O d6 9. d4 exd4 10. exd4 Ba7 11. h3 Bf5 12. g4 Bg6 13. f4 Be4 14. Nxe4 Nxe4 15. Qd3 d5 16. c5 Qd7 17. f5 a5 18. Bf4 b6 19. Kh2 bxc5 20. dxc5 Bxc5 21. Rac1 Bb6 22. Rfd1 Rad8 23. Qb5 Nb8 24. Qxd7 Rxd7 25. Ng3 Nxg3 26. Bxg3 d4 27. Rc4 Rde7 28. Rd2 h6 29. b4 axb4 30. axb4 Na6 31. Bc6 Rd8 32. Kg2 Nb8 33. Bf3 Re3 34. Bf2 Rc3 35. Rxc3 dxc3 36. Rxd8+ Kh7 1-0


[Site "https://www.chess.com"]

[Event "Titled Tuesday Blitz June 6 Early 2023"]
[White "Ansh M Shah"]
[Black "Begmuratov, Alisher"]
[WhiteFideId "25033379"]
[BlackFideId "14203367"]
[WhiteElo "2084"]
[BlackElo "2387"]
[Result "0-1"]
[Round "5"]
[TimeControl "180+2"]
[Date "2023.06.06"]
[WhiteClock "0:00:05"]
[BlackClock "0:00:11"]
[Board "66"]

1. d4 d5 2. c4 e6 3. g3 Nf6 4. Bg2 Be7 5. Nf3 O-O 6. O-O b6 7. Nc3 Bb7 8. Ne5 c6 9. Qc2 Nfd7 10. Nxd7 Nxd7 11. e4 dxc4 12. e5 Rb8 13. Ne4 c5 14. Be3 cxd4 15. Bxd4 Bd5 16. Rad1 Qc7 17. Rfe1 b5 18. a3 Rbd8 19. h4 Nc5 20. Bxc5 Bxc5 21. Ng5 g6 22. Bxd5 Rxd5 23. Rxd5 exd5 24. e6 Qxg3+ 25. Kf1 Qxh4 26. exf7+ Kh8 27. Re8 d4 28. Ne6 Qh1+ 29. Ke2 d3+ 30. Qxd3 cxd3+ 31. Kxd3 Qd5+ 32. Kc2 Qf5+ 33. Kc1 Qxf7 0-1


[Site "https://www.chess.com"]

[Event "Titled Tuesday Blitz June 6 Early 2023"]
[White "Makhmudov, Shukhrat"]
[Black "Khumalo, Keith"]
[WhiteFideId "14200775"]
[BlackFideId "14319470"]
[WhiteElo "2135"]
[BlackElo "2056"]
[Result "0-1"]
[Round "5"]
[TimeControl "180+2"]
[Date "2023.06.06"]
[WhiteClock "0:00:55"]
[BlackClock "0:01:58"]
[Board "67"]

1. e4 c5 2. Nf3 e6 3. d4 cxd4 4. Nxd4 a6 5. c4 Nf6 6. Nc3 Qc7 7. Bd3 Bb4 8. O-O Bxc3 9. bxc3 d6 10. Bg5 Nbd7 11. Bh4 b6 12. Re1 Bb7 13. Bg3 Rc8 14. Rb1 Ne5 15. Bxe5 dxe5 16. Nf3 O-O 17. Qb3 Nd7 18. Qa3 Nc5 19. Bc2 Rfd8 20. Qb4 Rd6 21. h3 f6 22. Rb2 Rcd8 23. a4 a5 24. Qa3 Ba6 25. Qa2 Nd3 26. Bxd3 Rxd3 27. Qb1 R8d6 28. Rc1 Bxc4 29. Rbc2 Qc6 30. Qa1 Qxe4 31. Qa3 Rd1+ 0-1


[Site "https://www.chess.com"]

[Event "Titled Tuesday Blitz June 6 Early 2023"]
[White "Topalov, Aleksandar"]
[Black "Gomez Ledo, Roberto Carlos"]
[WhiteFideId "925659"]
[BlackFideId "3507076"]
[WhiteElo "2151"]
[BlackElo "2378"]
[Result "0-1"]
[Round "5"]
[TimeControl "180+2"]
[Date "2023.06.06"]
[WhiteClock "0:00:01"]
[BlackClock "0:00:31"]
[Board "68"]

1. b3 d5 2. Bb2 Bf5 3. Nf3 e6 4. g3 h6 5. Bg2 Nf6 6. O-O a5 7. a3 Be7 8. d3 O-O 9. Nbd2 Bh7 10. c4 c6 11. Ra2 Nbd7 12. Qa1 Qb6 13. Bc3 Rfe8 14. b4 a4 15. Ne5 Bf8 16. Bd4 Qc7 17. Rc2 Qd8 18. Nxd7 Nxd7 19. Nf3 f6 20. cxd5 exd5 21. Bh3 Bd6 22. Nh4 Be5 23. Bf5 Nf8 24. Bxh7+ Kxh7 25. Nf3 Nd7 26. Qb1 Qe7 27. Qb2 g5 28. Bxe5 fxe5 29. b5 c5 30. Rfc1 b6 31. Rd2 Qf7 32. Qb1 Kg8 33. Rf1 Re6 34. Rdd1 Rf6 35. Nd2 Rf8 36. f3 h5 37. Qc2 h4 38. Qxa4 Rh6 39. Qg4 Qg7 40. e4 Nf6 41. Qe6+ Kh8 42. Qxe5 hxg3 43. Qxg3 Nh5 44. Qg4 Rf4 45. Qc8+ Rf8 0-1


[Site "https://www.chess.com"]

[Event "Titled Tuesday Blitz June 6 Early 2023"]
[White "LeoLV10"]
[Black "Shuvalova, Polina"]
[BlackFideId "24171760"]
[WhiteElo "2423"]
[BlackElo "2281"]
[Result "0-1"]
[Round "5"]
[TimeControl "180+2"]
[Date "2023.06.06"]
[WhiteClock "0:00:03"]
[BlackClock "0:00:52"]
[Board "69"]

1. e4 c6 2. d4 d5 3. e5 Bf5 4. g4 Bd7 5. Be2 e6 6. c3 c5 7. Nf3 h5 8. g5 Ne7 9. dxc5 Nbc6 10. b4 Ng6 11. a4 a5 12. b5 Ncxe5 13. Nxe5 Nxe5 14. Be3 Rc8 15. Qd4 Ng6 16. h4 Rxc5 17. Nd2 e5 18. Qd3 e4 19. Qd4 Bd6 20. c4 b6 21. cxd5 O-O 22. Qxe4 Re8 23. Qd3 Nf4 24. Qb3 Rxd5 25. Bxf4 Bxf4 26. Qxd5 Rxe2+ 27. Kf1 Rxd2 28. Qf3 Qc7 29. Re1 Be6 30. Qa8+ Rd8 31. Qe4 Bc4+ 32. Kg1 Bd5 33. Qf5 Bxh1 34. Kxh1 g6 35. Kg1 gxf5 0-1


[Site "https://www.chess.com"]

[Event "Titled Tuesday Blitz June 6 Early 2023"]
[White "zsizsi99"]
[Black "Orlov, Georgi"]
[BlackFideId "2011271"]
[WhiteElo "2421"]
[BlackElo "2643"]
[Result "1-0"]
[Round "5"]
[TimeControl "180+2"]
[Date "2023.06.06"]
[WhiteClock "0:00:18"]
[BlackClock "0:00:37"]
[Board "70"]

1. e4 e6 2. d4 d5 3. exd5 exd5 4. Nc3 Nf6 5. Bf4 Bb4 6. f3 O-O 7. Qd2 Re8+ 8. Nge2 c5 9. O-O-O c4 10. g4 Qa5 11. h4 Nc6 12. h5 Nd7 13. a3 Bf8 14. g5 g6 15. hxg6 hxg6 16. Bh3 Bg7 17. Bg4 Nf8 18. Bxc8 Raxc8 19. Kb1 a6 20. Be3 Qd8 21. Nf4 Qe7 22. Nfxd5 Qd8 23. Qh2 b5 24. Nf6+ Bxf6 25. gxf6 Qxf6 26. Bg5 Qg7 27. Ne4 Re6 28. Nc5 Nxd4 29. Rxd4 Qxd4 30. Nxe6 fxe6 31. Be7 Qg7 32. Qh4 Nh7 33. Bb4 Re8 34. Bc3 e5 35. f4 Qf6 36. Qxh7+ Kf8 37. Bxe5 Rxe5 38. fxe5 Qxe5 39. Qh8+ Qxh8 40. Rxh8+ Kf7 41. Ra8 Kf6 42. Rxa6+ Kf5 43. Rb6 g5 44. Rxb5+ Kf4 45. Rb4 g4 46. Rxc4+ Kf3 47. Rxg4 Kxg4 48. a4 Kf5 49. a5 Ke6 50. a6 Kd7 51. a7 Kc7 52. a8=Q Kb6 53. Qa3 1-0


[Site "https://www.chess.com"]

[Event "Titled Tuesday Blitz June 6 Early 2023"]
[White "Koridze, Lile"]
[Black "Chen, Justin"]
[WhiteFideId "13612514"]
[BlackFideId "2098199"]
[WhiteElo "2047"]
[BlackElo "2289"]
[Result "0-1"]
[Round "5"]
[TimeControl "180+2"]
[Date "2023.06.06"]
[WhiteClock "0:00:01"]
[BlackClock "0:00:02"]
[Board "71"]

1. d4 Nf6 2. c4 e6 3. Nf3 Bb4+ 4. Bd2 Qe7 5. g3 Nc6 6. Bg2 Bxd2+ 7. Qxd2 Ne4 8. Qc2 Qb4+ 9. Nbd2 Nxd2 10. Qxd2 Qxc4 11. O-O Qb4 12. Qg5 O-O 13. Qh4 d6 14. b3 e5 15. e3 exd4 16. exd4 Bd7 17. Rfe1 Rae8 18. Re4 Rxe4 19. Qxe4 Re8 20. Qd3 h6 21. Rc1 Qa3 22. Qc2 Nb4 23. Qd2 Re2 24. Qxe2 Qxc1+ 25. Bf1 Nd5 26. Kg2 Qb1 27. Qc4 Be6 28. Qb5 c6 29. Qxb7 Bh3+ 30. Kxh3 Qxf1+ 31. Kh4 Qxf2 32. Qc8+ Kh7 33. Qf5+ Kh8 34. Qc8+ Kh7 35. Qf5+ Kh8 36. Qxf7 Nf6 37. Qf8+ Kh7 38. Ne5 dxe5 39. Kh3 Qf1+ 40. Kh4 Qg2 41. Qxg7+ Kxg7 42. g4 Qxg4# 0-1


[Site "https://www.chess.com"]